 Dungeon Crawl Stone Soup version 0.22-a0-110-g5b255cf (webtiles) character file.

1127 barakagiga2 the Grave Robber (level 8, -3/52 HPs)
             Began as a Demonspawn Necromancer on Jan 27, 2018.
             Shot with an arrow by a centaur (5 damage)
             ... on level 5 of the Dungeon.
             The game lasted 00:17:05 (6746 turns).

barakagiga2 the Grave Robber (DsNe)                 Turns: 6746, Time: 00:17:05

Health: -3/52      AC:  3    Str:  8    XL:     8   Next: 13%
Magic:  8/13       EV: 15    Int: 19    God:
Gold:   284        SH:  0    Dex: 23    Spells: 13/14 levels left

rFire    . . .     SeeInvis .   r - +1 spear of Ereter {flame, +Blink rF- Dex+5 Stlth+} (curse)
rCold    x . .     Gourm    .   (no shield)
rNeg     . . .     Faith    .   a - +0 robe
rPois    .         Spirit   .   (helmet restricted)
rElec    .         Reflect  .   m - +0 cloak
rCorr    .         Harm     .   (no gloves)
MR       .....                  (no boots)
Stlth    ++++......             (no amulet)
HPRegen  0.17/turn              s - ring of fire
MPRegen  0.13/turn              k - +4 ring of dexterity

@: no status effects
A: antennae 1, hooves 1, demonic guardian 1, powered by death 1
a: Evoke Blink


You were on level 5 of the Dungeon.
You were not hungry.

You visited 1 branch of the dungeon, and saw 6 of its levels.

You collected 284 gold pieces.

Inventory:

Hand Weapons
 o - a +2 hand axe of venom
 r - the cursed +1 spear of Ereter (weapon) {flame, +Blink rF- Dex+5 Stlth+}
   (You found it on level 4 of the Dungeon)

   It has been specially enchanted to burn those struck by it, causing extra
   injury to most foes and up to half again as much damage against particularly
   susceptible opponents.
   It affects your dexterity (+5).
   It makes you vulnerable to fire.
   It lets you blink.
   It makes you more stealthy.
   It has a curse placed upon it.
Armour
 a - a +0 robe (worn)
 m - a +0 cloak (worn)
Jewellery
 f - an uncursed ring of teleportation
 k - a +4 ring of dexterity (right hand)
 s - a ring of fire (left hand)
Wands
 n - a wand of random effects (13)
 t - a wand of acid (5)
Scrolls
 d - a scroll of fog
 e - 9 scrolls of identify
 g - 6 scrolls of remove curse
 h - a scroll of immolation {unknown}
 l - 4 scrolls of teleportation
 p - a scroll of random uselessness {unknown}
 q - a scroll of fear {unknown}
Potions
 i - 3 potions of haste
 j - 2 potions of berserk rage
 u - a potion of degeneration {unknown}
Books
 b - a book of Necromancy

   Spells                             Type                      Level
   a - Pain                           Necromancy                   1
   b - Animate Skeleton               Necromancy                   1
   c - Vampiric Draining              Necromancy                   3
   d - Regeneration                   Charms/Necromancy            3
   e - Animate Dead                   Necromancy                   4
Comestibles
 c - 11 rations
 v - 6 chunks of flesh


   Skills:
 + Level 3.7 Dodging
 + Level 3.9 Stealth
 * Level 4.3 Unarmed Combat
 + Level 3.8 Spellcasting
 * Level 7.2 Necromancy


You had 13 spell levels left.
You knew the following spells:

 Your Spells              Type           Power        Failure   Level  Hunger
a - Pain                  Necr           ####         1%          1    None


Dungeon Overview and Level Annotations

Branches:
Dungeon (6/15)             Temple (0/1) D:5

Altars:
Nemelex Xobeh
Zin

Shops:
D:4 *   D:6 [

Annotations:
D:6 exclusions: 2 orc priests, orc warrior and orc wizard, Menkaure


Innate Abilities, Weirdness & Mutations

You have a pair of small antennae on your head.
You have large cloven feet.
A weak demonic guardian rushes to your aid.
You regenerate a little health from kills.


Message History

Press: ? - help, Shift-Dir - straight line, f/p - centaur
Aim: a centaur, wielding a shortbow (lightly wounded, chance to defeat MR: 84%)
The centaur writhes in agony!
The centaur shoots an arrow.
The arrow hits you!
* * * LOW HITPOINT WARNING * * *
Casting: Pain (safe; 1% risk of failure)
Confirm with . or Enter, or press ? or * to list all spells.
Aiming: Pain (safe; 1% risk of failure)
Press: ? - help, Shift-Dir - straight line, f/p - centaur
Aim: a centaur, wielding a shortbow (heavily wounded, chance to defeat MR: 84%)
The centaur writhes in agony!
The centaur shoots an arrow.
The arrow barely misses you.
Okay, then.
Casting: Pain (safe; 1% risk of failure)
Confirm with . or Enter, or press ? or * to list all spells.
Aiming: Pain (safe; 1% risk of failure)
Press: ? - help, Shift-Dir - straight line, f/p - centaur
Aim: a centaur, wielding a shortbow (severely wounded, chance to defeat MR: 84%)
The centaur writhes in agony!
The centaur shoots an arrow.
The arrow closely misses you.
The centaur shoots an arrow.
The arrow hits you.
You die...

#...##.<# #.#..## #..#
### #...###.# #.##..#
#..# #####
#.####.##..####..###
#.(ยง)........[.....###
#####..###....##.#...#
#o.......###.###..
#c###......#.[.### #.#
#...##..##.# #
#@###.#.....##.#
#.#...###...##.#
#.#.### ##...#.###
##(#.# ##......# #....#
#......# #.(.##
#......# #..## #......#
#### #......# ########


You could see an orc warrior and a centaur.

Vanquished Creatures
  The ghost of nht the Slicer, a novice HaAs (D:5)
  A sky beast (D:5)
  2 centaurs (D:5)
  A bullfrog (D:5)
  A scorpion (D:4)
  A howler monkey (D:5)
  A hound (D:4)
  An orc wizard (D:5)
  Ijyb (D:5)
  2 worker ants
  10 adders
  An ooze (D:2)
  2 adder skeletons
  2 worms
  2 dart slugs
  5 leopard geckos
  8 orcs
  A ball python (D:2)
  A giant cockroach (D:1)
  7 goblins
  7 hobgoblins
  2 jackals (D:4)
  5 kobolds
  4 quokkas
  6 bats
  8 frilled lizards
  8 rats
91 creatures vanquished.

Vanquished Creatures (collateral kills)
  2 ogres
  A crimson imp (D:4)
  A hound (D:3)
4 creatures vanquished.

Grand Total: 95 creatures vanquished

Notes
Turn   | Place    | Note
-------+----------+-------------------------------------------
     0 | D:1      | barakagiga2 the Demonspawn Necromancer began the quest for the Orb.
     0 | D:1      | Reached XP level 1. HP: 13/13 MP: 3/3
   533 | D:1      | Gained mutation: You have large cloven feet. [demonic ancestry]
   533 | D:1      | Reached XP level 2. HP: 16/19 MP: 0/5
  1221 | D:2      | Reached XP level 3. HP: 6/24 MP: 0/6
  1229 | D:2      | HP: 1/24 [poisoned by an adder]
  1639 | D:2      | Reached skill level 1 in Unarmed Combat
  1865 | D:2      | Reached skill level 5 in Necromancy
  2069 | D:2      | Gained mutation: A weak demonic guardian rushes to your aid. [demonic ancestry]
  2069 | D:2      | Reached XP level 4. HP: 29/30 MP: 4/7
  3070 | D:3      | Gained mutation: You have a pair of small antennae on your head. [demonic ancestry]
  3070 | D:3      | Reached XP level 5. HP: 33/35 MP: 4/8
  3980 | D:4      | Found Foceh's Assorted Antiques.
  4002 | D:4      | Got a faintly glowing spear
  4003 | D:4      | Identified the cursed +1 spear of Ereter {flame, +Blink rF- Dex+5 Stlth+} (You found it on level 4 of the Dungeon)
  4030 | D:4      | Noticed an ogre
  4043 | D:4      | Killed an ogre
  4043 | D:4      | Reached XP level 6. HP: 32/41 MP: 1/10
  4266 | D:4      | Found a sparkling altar of Nemelex Xobeh.
  4271 | D:4      | Found a glowing silver altar of Zin.
  4320 | D:4      | Reached skill level 6 in Necromancy
  4896 | D:5      | Entered Level 5 of the Dungeon
  4952 | D:5      | Found a staircase to the Ecumenical Temple.
  4964 | D:5      | Noticed Ijyb
  4971 | D:5      | HP: 2/41 [acid (10)]
  4972 | D:5      | Killed Ijyb
  5410 | D:5      | Gained mutation: You regenerate a little health from kills. [demonic ancestry]
  5410 | D:5      | Reached XP level 7. HP: 36/46 MP: 6/11
  5560 | D:5      | Noticed nht's ghost (novice HaAs)
  5582 | D:5      | Killed nht's ghost
  5671 | D:5      | Reached skill level 7 in Necromancy
  6112 | D:6      | Noticed Menkaure
  6176 | D:6      | Found Lepigy's Antique Armour Shop.
  6469 | D:5      | Reached XP level 8. HP: 36/52 MP: 6/13
  6746 | D:5      | Shot with an arrow by a centaur

Vault maps used:
D:1:      zelgadis_glass_arrival_small
D:2:      serial_forest, infiniplex_forest_lined_room_2,
          infiniplex_forest_lined_1, infiniplex_forest_straight_3,
          infiniplex_forest_lined_room_3, infiniplex_forest_lined_room_2
D:3:      first_ration, minivault_26
D:4:      zin_scriptorium, nemelex_xobeh_ov_fountains_minmay, serial_shops,
          shop_fountains, hangedman_decor_growths
D:5:      temple_doors_e, uniq_ijyb
D:6:      nicolae_dithmenos_through_a_glass_darkly, xom_butterflies,
          grunt_temple_overflow_diamond, serial_shops, nicolae_shop_waterfront,
          minivault_23, uniq_menkaure

Skill      XL: |  1  2  3  4  5  6  7 |
---------------+----------------------+-----
Stealth        | 2 3 |  3.9
Dodging        | 2 3 |  3.7
Unarmed Combat | 1 2 3 4 |  4.3
Necromancy     | 5 6 7 |  7.2
Spellcasting   | 3 |  3.8

Action                   |  1- 3 |  4- 6 |  7- 9 || total
-------------------------+-------+-------+-------++-------
Melee: Unarmed           |     4 |       |       ||     4
       Spear             |       |    26 |    12 ||    38
       Kick              |       |    11 |     3 ||    14
 Cast: Pain              |    70 |   128 |    37 ||   235
 Abil: Evoke Blink       |       |       |     1 ||     1
  Use: Scroll            |     3 |     1 |       ||     4
       Potion            |     1 |     1 |       ||     2
 Stab: Sleeping          |       |     1 |       ||     1
  Eat: Chunk             |     4 |    11 |     4 ||    19
Armor: Robe              |     4 |    11 |     7 ||    22
Dodge: Dodged            |    14 |    47 |    37 ||    98

Table legend:
 A = Spawn XP
 B = Non-spawn XP
 C = Spawn XP percentage of total XP
 D = Spawn monster count
 E = Non-spawn monster count
 F = Spawn count percentage of total count
 G = Total turns spent on level
                    A         B        C        D         E        F      G
               +---------+---------+-------+---------+---------+-------+---------
         Total |       0 |    1611 |   0.0 |       0 |      95 |   0.0 |  6746
               +---------+---------+-------+---------+---------+-------+---------
           D:1 |       0 |      23 |   0.0 |       0 |      13 |   0.0 |  1427
           D:2 |       0 |      84 |   0.0 |       0 |      26 |   0.0 |   852
           D:3 |       0 |     116 |   0.0 |       0 |      23 |   0.0 |  1105
           D:4 |       0 |     314 |   0.0 |       0 |      16 |   0.0 |  1590
           D:5 |       0 |    1060 |   0.0 |       0 |      16 |   0.0 |  1671
           D:6 |       0 |      14 |   0.0 |       0 |       1 |   0.0 |   101
               +---------+---------+-------+---------+---------+-------+---------
